[Event "16th EWICC 2015"]
[Site "Kutaisi"]
[Date "2015.06.02"]
[Round "7"]
[White "Khmiadashvili, Tamar"]
[Black "Mammadova, Narmin"]
[Result "0-1"]
[ECO "A06"]
[WhiteElo "2043"]
[BlackElo "2117"]
[Annotator "Robot 11"]
[PlyCount "102"]
[EventDate "2015.??.??"]
[EventCountry "GEO"]
[TimeControl "900+10"]

1. Nf3 d5 2. b3 Nf6 3. Bb2 g6 4. e3 Bg7 5. g3 O-O 6. Bg2 b6 7. O-O Bb7 8.
d3 Nbd7 9. Nbd2 c5 10. Rb1 Qc7 11. Re1 e5 12. e4 d4 13. a4 a6 14. Nf1 b5 15.
Ra1 Rfc8 16. Bh3 c4 17. Ba3 Re8 18. Re2 Bc6 19. Bb4 bxa4 20. bxc4 Rab8 21. Ba3 Bf8 22. Qc1 Rb7 23. Ne1 Bg7 24. f4 Bh6 25. Ng2 Nh5 26. Rf2 Nf8 27. Bxf8 Rxf8 28. Bg4 Nf6 29. Bd1 Rfb8 30. c3 Qd7 31. Rfa2 Qh3 32. cxd4 exd4 33. Rf2 Ng4 34. Bxg4 Qxg4 35. Ne1 Rb3 36. h3 Qd7 37. g4 Bf8 38. f5 a3 39. Qg5 Rb1 40. Rxb1 Rxb1 41. Nf3 Rb2 42. fxg6 hxg6 43. Qa5 Rxf2 44. Kxf2 Qb7 45. Ne5 Qb2+ 46. Qd2 Ba4 47. Qxb2 axb2 48. Nd2 Bc2 49. Nc6 Bh6 50. Nb1 Bxb1 51. Nxd4 Bxd3 0-1

[Event "16th EWICC 2015"]
[Site "Kutaisi"]
[Date "2015.06.02"]
[Round "7"]
[White "Khurtsidze, Nino"]
[Black "Melashvili, Nino"]
[Result "1-0"]
[ECO "E21"]
[WhiteElo "2451"]
[BlackElo "2173"]
[Annotator "Robot 11"]
[PlyCount "69"]
[EventDate "2015.??.??"]
[EventCountry "GEO"]
[TimeControl "900+10"]

1. d4 Nf6 2. c4 e6 3. Nc3 Bb4 4. Nf3 O-O 5. g3 d5 6. Bg2 Ne4 7. Qc2 f5 8.
O-O c6 9. Bf4 Nd7 10. a3 Be7 11. b4 a6 12. Ne5 g5 13. Nxd7 Bxd7 14.
Be5 Nd6 15. c5 Nc4 16. e3 Be8 17. Rfe1 Bg6 18. f4 a5 19. b5 b6 20. bxc6 bxc5 21. Nb5 Nxe5 22. dxe5 Qb6 23. a4 Qxc6 24. Rac1 Rac8 25. Na7 Qa6 26. Nxc8 Rxc8 27. Rb1 c4 28. Rb5 Bb4 29. Rd1 Be8 30. Rbxd5 exd5 31. Bxd5+ Kh8 32. Qxf5 c3 33. Be6 Rc7 34. Qf6+ Rg7 35. Rd7 1-0

[Event "16th EWICC 2015"]
[Site "Kutaisi"]
[Date "2015.06.02"]
[Round "7"]
[White "Kostava, Elene"]
[Black "Jalaghonia, Nino"]
[Result "1/2-1/2"]
[ECO "E21"]
[WhiteElo "1691"]
[BlackElo "1865"]
[Annotator "Robot 11"]
[PlyCount "55"]
[EventDate "2015.??.??"]
[EventCountry "GEO"]
[TimeControl "900+10"]

1. d4 Nf6 2. Nf3 e6 3. c4 b6 4. Nc3 Bb4 5. Bg5 h6 6. Bh4 g5 7. Bg3 Ne4 8.
Qc2 Bb7 9. a3 Bxc3+ 10. bxc3 d6 11. e3 Nd7 12. Nd2 f5 13. f3 Nxg3 14. hxg3 Qf6 15. Bd3 O-O-O 16. O-O-O h5 17. Nb3 h4 18. gxh4 gxh4 19. Rh3 Rdg8 20. d5 Ne5 21. dxe6 Nxd3+ 22. Qxd3 Rxg2 23. Nd4 f4 24. e4 Rg3 25. Rdh1 Rxh3 26. Rxh3 Rg8 27. Nf5 Qxe6 28. Rxh4 1/2-1/2

[Event "16th EWICC 2015"]
[Site "Kutaisi"]
[Date "2015.06.02"]
[Round "7"]
[White "Kosteniuk, Alexandra"]
[Black "Daulyte, Deimante"]
[Result "1-0"]
[ECO "C70"]
[WhiteElo "2530"]
[BlackElo "2402"]
[Annotator "Robot 11"]
[PlyCount "78"]
[EventDate "2015.??.??"]
[EventCountry "GEO"]
[TimeControl "900+10"]

1. e4 e5 2. Nf3 Nc6 3. Bb5 a6 4. Ba4 Nge7 5. O-O g6 6. c3 Bg7 7. d4 exd4 8.
cxd4 b5 9. Bc2 d6 10. d5 Na5 11. Qe1 Nc4 12. Nbd2 Nxd2 13. Bxd2 O-O 14. Bc3 Bxc3 15. Qxc3 Bd7 16. Bb3 c5 17. dxc6 Bxc6 18. Rfe1 Qb6 19. Qf6 Ra7 20. Ng5 Nc8 21. Re3 Qd8 22. Qf4 h6 23. Nxf7 Raxf7 24. Qxh6 Qf6 25. Rf3 Qg7 26. Qxg7+ Kxg7 27. Rxf7+ Rxf7 28. Bxf7 Kxf7 29. Rc1 Ne7 30. f3 d5 31. exd5 Bxd5 32. b3 Nc6 33. h4 Ke6 34. Re1+ Kf5 35.
Kf2 Nb4 36. Re2 a5 37. Rd2 Be6 38. g4+ Kf4 39. a3 Bxb3 1-0

[Event "16th EWICC 2015"]
[Site "Kutaisi"]
[Date "2015.06.02"]
[Round "7"]
[White "Lomineishvili, Maia"]
[Black "Mammadzada, Gunay"]
[Result "1-0"]
[ECO "D10"]
[WhiteElo "2364"]
[BlackElo "2336"]
[Annotator "Robot 11"]
[PlyCount "85"]
[EventDate "2015.??.??"]
[EventCountry "GEO"]
[TimeControl "900+10"]

1. d4 d5 2. c4 c6 3. cxd5 cxd5 4. Nc3 Nf6 5. Bf4 Nc6 6. e3 Bg4 7. Qb3 Na5 8.
Qa4+ Bd7 9. Qc2 Rc8 10. Bd3 e6 11. Nf3 Be7 12. O-O O-O 13. Ne5 Nc4 14. Bxc4 dxc4 15. Rad1 Nd5 16. Bg3 Be8 17. e4 Nxc3 18. bxc3 f6 19. Nf3 Qa5 20. Qb2 Bc6 21. Rfe1 Rfd8 22. d5 Ba3 23. Qd2 exd5 24. e5 fxe5 25. Bxe5 Bf8 26. Nd4 Ba4 27. Rb1 Qa6 28. Re3 Be8 29. f4 Bf7 30. Rg3 Re8 31. Re1 Qa4 32. Nf5 g6 33. Nd4 Re7 34. f5 Rce8 35.
fxg6 hxg6 36. Nf3 Qd7 37. Qd4 Bg7 38. Rg5 Re6 39. Rf1 Bf8 40.
Qh4 Bg7 41. Bxg7 Kxg7 42. Nd4 Re1 43. Rxe1 1-0

[Event "16th EWICC 2015"]
[Site "Kutaisi"]
[Date "2015.06.02"]
[Round "7"]
[White "Mammadova, Gulnar"]
[Black "Gvetadze, Sofio"]
[Result "0-1"]
[ECO "B03"]
[WhiteElo "2293"]
[BlackElo "2319"]
[Annotator "Robot 11"]
[PlyCount "155"]
[EventDate "2015.??.??"]
[EventCountry "GEO"]
[TimeControl "900+10"]

1. e4 Nf6 2. e5 Nd5 3. d4 d6 4. c4 Nb6 5. exd6 exd6 6. Nc3 Be7 7. Nf3 O-O 8.
Be2 Bg4 9. O-O Nc6 10. b3 Bf6 11. Be3 Re8 12. h3 Bh5 13. Qd2 d5 14. c5 Nc8 15. g4 Bg6 16. g5 Be7 17. Nh4 Bf8 18. f4 Be4 19. Nxe4 Rxe4 20. Bd3 Re8 21. f5 Nb4 22. Bb1 b6 23. a3 Nc6 24. b4 bxc5 25.
bxc5 Na5 26. Ba2 Nc4 27. Bxc4 dxc4 28. d5 Rxe3 29. Qxe3 Qxd5 30.
Kh2 Qxc5 31. Qxc5 Bxc5 32. f6 g6 33. Nf3 Nb6 34. Rfe1 c3 35.
Re4 Rd8 36. Rc1 Nd5 37. a4 a5 38. Kh1 h6 39. h4 Rb8 40. Rc4 Bd6 41. Rd4 Ba3 42. Rc2 Rb1+ 43. Ng1 Rb2 44. Rc1 Bd6 45. Ne2 Rxe2 46. Rxd5 Bb4 47. Rd8+ Kh7 48. Rd7 Kg8 49. Rxc7 hxg5 50. hxg5 Re5 51. Rc8+ Kh7 52. Rc7 Kg8 53. Rc8+ Kh7 54. Rc7 Rxg5 55. Rxf7+ Kh6 56. Rc2 Rd5 57. Rc7 Rf5 58. Rh2+ Kg5 59. Rg2+ Kxf6 60. Rc6+ Ke5 61. Rgxg6 Kd4 62. Rg4+ Kd3 63. Rg3+ Kc2 64. Rg8 Kb3 65. Rgc8 Rf3 66. Kg2 Rd3 67. Kf2 Kxa4 68. Ke2 Rh3 69. Rd8 Kb3 70. Rd4 Rh2+ 71. Kd3 Rd2+ 72. Ke3 Rxd4 73. Kxd4 a4 74. Kd3 a3 75. Rh6 a2 76. Rh1 Ba3 77. Rh7 a1=Q 78. Kd4 0-1

[Event "16th EWICC 2015"]
[Site "Kutaisi"]
[Date "2015.06.02"]
[Round "7"]
[White "Paehtz, Elisabeth"]
[Black "Dordzhieva, Dinara"]
[Result "1-0"]
[ECO "B24"]
[WhiteElo "2473"]
[BlackElo "2242"]
[Annotator "Robot 11"]
[PlyCount "33"]
[EventDate "2015.??.??"]
[EventCountry "GEO"]
[TimeControl "900+10"]

1. e4 c5 2. Nc3 Nc6 3. Bb5 Nd4 4. Bc4 g6 5. Nf3 Bg7 6. O-O e6 7. Nxd4 cxd4 8.
Nb5 Qb6 9. c3 a6 10. Nxd4 Bxd4 11. cxd4 Qxd4 12. d3 Ne7 13. Bd2 Qxb2 14. Qe1 O-O 15. Bc3 Qb6 16. Bf6 Nc6 17. Qd2 1-0

[Event "16th EWICC 2015"]
[Site "Kutaisi"]
[Date "2015.06.02"]
[Round "7"]
[White "Petrenko, Svetlana"]
[Black "Melia, Salome"]
[Result "0-1"]
[ECO "B54"]
[WhiteElo "2207"]
[BlackElo "2452"]
[Annotator "Robot 11"]
[PlyCount "120"]
[EventDate "2015.??.??"]
[EventCountry "GEO"]
[TimeControl "900+10"]

1. e4 c5 2. Nf3 d6 3. d4 cxd4 4. Nxd4 g6 5. g3 Bg7 6. Bg2 Nc6 7. c3 Bd7 8.
O-O Nf6 9. Na3 O-O 10. Nac2 a6 11. Kh1 Rc8 12. a4 h6 13. f4 e5 14. Nxc6 Bxc6 15. Qd3 exf4 16. Bxf4 Re8 17. Rfe1 Ng4 18. Re2 Ne5 19. Qd1 Nc4 20. Nb4 Bd7 21. h3 a5 22. Nd5 b5 23. axb5 Bxb5 24. Rf2 Bc6 25.
b3 Ne5 26. Rc1 Rb8 27. Be3 Rb7 28. Rb1 a4 29. Nb4 Qd7 30. bxa4 Bxa4 31. Qd5 Bc6 32. Qd1 Nc4 33. Bd4 Bxe4 34. Kh2 Bxg2 35. Rxg2 Ne3 36. Bxe3 Rxe3 37. Nd5 Re5 38. Rxb7 Qxb7 39. c4 Kh7 40. Qd3 f5 41. g4 Re4 42. Re2 Be5+ 43. Kg2 Rxe2+ 44. Qxe2 Qb3 45. Qf3 Qxc4 46. gxf5 Qc2+ 47. Kf1 Qxf5 48. Qxf5 gxf5 49. Ne7 f4 50. Ke2 Kg7 51. Kf3 Kf6 52.
Ng8+ Kg5 53. h4+ Kh5 54. Ke4 Kxh4 55. Nxh6 Kg3 56. Nf5+ Kg4 57.
Nh6+ Kg3 58. Nf5+ Kf2 59. Nh4 Ke2 60. Ng2 f3 0-1

[Event "16th EWICC 2015"]
[Site "Kutaisi"]
[Date "2015.06.02"]
[Round "7"]
[White "Sviridova, Vlada"]
[Black "Charochkina, Daria"]
[Result "1-0"]
[ECO "D45"]
[WhiteElo "2087"]
[BlackElo "2391"]
[Annotator "Robot 11"]
[PlyCount "155"]
[EventDate "2015.??.??"]
[EventCountry "GEO"]
[TimeControl "900+10"]

1. d4 d5 2. Nf3 Nf6 3. c4 c6 4. Nc3 e6 5. e3 Nbd7 6. Qc2 Bd6 7. b3 O-O 8. Be2 dxc4 9. bxc4 e5 10. O-O Re8 11. Rd1 Qe7 12. Rb1 e4 13. Nd2 Nf8 14. Nf1 h5 15.
f3 Bf5 16. fxe4 Nxe4 17. Nxe4 Bxe4 18. Bd3 Bxd3 19. Qxd3 c5 20.
dxc5 Bxc5 21. Qd5 Rad8 22. Qxh5 Rxd1 23. Qxd1 Rd8 24. Qf3 b6 25. Kh1 Ng6 26. Bb2 Qe6 27. Rc1 a5 28. e4 Rd7 29. Ng3 Bd4 30.
Bxd4 Rxd4 31. c5 bxc5 32. Rxc5 Ne5 33. Qe2 Ra4 34. Rc2 g6 35.
h3 Ra3 36. Qf2 Nd3 37. Qe3 Qf6 38. Rd2 Qc3 39. Kh2 Qc4 40. e5 Qd5 41. Re2 Qe6 42. Qf3 Qe7 43. Re3 Nxe5 44. Rxe5 Qd6 45. Re8+ Kg7 46. Qf2 f5 47. Re3 Ra4 48. Qb2+ Kh6 49. Rf3 Rd4 50. Qc1+ Kg7 51. Qc3 Kh7 52. Qxa5 Rd1 53. Qa7+ Kh6 54. Qe3+ Kh7 55. Qb3 Qd4 56. Qe3 Qd6 57. a3 Rd4 58. Qb3 Qe5 59. Qc3 Qd6 60. Qe1 Rd1 61. Qb4 Qe5 62. Qf4 Qc5 63. Qe3 Qc7 64. Rf4 Kg7 65. Rh4 Kf6 66. Rb4 Kg7 67. Rd4 Ra1 68. Rd7+ Qxd7 69. Qc3+ Kh6 70. Qxa1 Qc7 71. Qh8+ Kg5 72. h4+ Kg4 73. Qd4+ f4 74. Ne4 Qe7 75. Nf2+ Kf5 76. Qd5+ Kf6 77. Ng4+ Kg7 78. Qe5+ 1-0

[Event "16th EWICC 2015"]
[Site "Kutaisi"]
[Date "2015.06.02"]
[Round "7"]
[White "Tedoshvili, Ana"]
[Black "Mikadze, Miranda"]
[Result "0-1"]
[ECO "D02"]
[WhiteElo "1805"]
[BlackElo "2233"]
[Annotator "Robot 11"]
[PlyCount "88"]
[EventDate "2015.??.??"]
[EventCountry "GEO"]
[TimeControl "900+10"]

1. d4 d5 2. Nf3 Nf6 3. g3 Bf5 4. Bg2 e6 5. O-O c6 6. e3 Nbd7 7. b3 Be7 8.
Bb2 Ne4 9. c4 Qb6 10. Qe2 a5 11. Nc3 O-O 12. Ne5 Nxe5 13. dxe5 Nxc3 14. Bxc3 a4 15. cxd5 cxd5 16. Bd4 Bc5 17. Bxc5 Qxc5 18. Rac1 Qb4 19. bxa4 Rxa4 20. Rfd1 Rfa8 21. Rd2 h6 22. Rcd1 Qc3 23. Qb5 Rb4 24. Qe2 Qxe5 25. Rd4 Rxd4 26. Rxd4 Qc7 27. Qb2 Qa5 28. h3 Qe1+ 29. Kh2 Rc8 30. Qd2 Qxd2 31. Rxd2 Kf8 32. Rb2 Rc2 33. Rxc2 Bxc2 34. Bf1 Ke7 35. g4 Kd6 36. Kg3 e5 37. f4 e4 38. g5 Kc5 39. a3 Bd3 40. Bg2 Kc4 41. gxh6 gxh6 42. f5 f6 43. Kh4 Be2 44. Kg3 b5 0-1

[Event "16th EWICC 2015"]
[Site "Kutaisi"]
[Date "2015.06.02"]
[Round "7"]
[White "Tereladze, Sopiko"]
[Black "Esadze, Tamar"]
[Result "1-0"]
[ECO "A05"]
[WhiteElo "2128"]
[BlackElo "1697"]
[Annotator "Robot 11"]
[PlyCount "55"]
[EventDate "2015.??.??"]
[EventCountry "GEO"]
[TimeControl "900+10"]

1. Nf3 Nf6 2. b3 e6 3. Bb2 b6 4. g3 Bb7 5. Bg2 d5 6. O-O Bd6 7.
d3 O-O 8. Nbd2 c5 9. Ne5 Nc6 10. Ndf3 Qc7 11. Nxc6 Bxc6 12. c4 d4 13. e4 e5 14. Nh4 Bd7 15. Nf5 Bxf5 16. exf5 Rab8 17. Bc1 a6 18. a4 Rfe8 19.
Re1 h6 20. Bd2 a5 21. Qf3 Rbc8 22. h4 Re7 23. g4 Rce8 24. g5 hxg5 25. hxg5 Nd7 26. Qh5 f6 27. Bd5+ Re6 28. Qxe8+ 1-0

[Event "16th EWICC 2015"]
[Site "Kutaisi"]
[Date "2015.06.02"]
[Round "7"]
[White "Vakhania, Alexandra"]
[Black "Ibrahimova, Sabina"]
[Result "1/2-1/2"]
[ECO "A04"]
[WhiteElo "2130"]
[BlackElo "2272"]
[Annotator "Robot 11"]
[PlyCount "153"]
[EventDate "2015.??.??"]
[EventCountry "GEO"]
[TimeControl "900+10"]

1. Nf3 c5 2. c3 Nc6 3. d4 cxd4 4. cxd4 d5 5. Nc3 Nf6 6. Bf4 a6 7. e3 g6 8. Bd3 Bg7 9. h3 O-O 10. a3 Qb6 11. Na4 Qa7 12. b4 Nd7 13. Rc1 e5 14. dxe5 Ndxe5 15. Nxe5 Nxe5 16. O-O Bd7 17. Bxe5 Bxe5 18. Nc5 Rad8 19. a4 Bc8 20. a5 d4 21. e4 Qb8 22. Bc4 Kg7 23. Bd5 f5 24. Nd3 fxe4 25. Bxe4 Bf6 26. Qc2 Rf7 27. Qc5 Re7 28. Rfe1 Rde8 29. Bf3 Bf5 30. Rxe7+ Rxe7 31. Qc4 Qd6 32. Rd1 Rc7 33. Nc5 d3 34. Bxb7 d2 35. Bd5 Re7 36. Be4 Qf4 37. g3 Rxe4 38. Nxe4 Qxe4 39. Qxe4 Bxe4 40. Rxd2 Bc6 41. Rd6 Bb5 42.
Re6 Bc3 43. Re4 Kf6 44. f3 Bd3 45. Rf4+ Ke5 46. Rf7 Bxb4 47. Rxh7 Bxa5 48. h4 Bb6+ 49. Kg2 a5 50. f4+ Kf5 51. h5 gxh5 52. Rxh5+ Kg6 53. Re5 Bc7 54. Rc5 Bd8 55. Kf3 Bf1 56. Rd5 Bc7 57. Rc5 Bd8 58. Rc8 Be7 59. Ra8 Bb4 60. g4 Bb5 61. Rb8 Bc6+ 62. Ke2 Bd5 63. Rb6+ Kf7 64. f5 Bc5 65. Rb1 Kf6 66. Kd3 Bb4 67. Kd4 Bf3 68. Rg1 Kg5 69.
Ke5 a4 70. f6 Bc3+ 71. Ke6 Bxg4+ 72. Kd5 Bxf6 73. Kc4 a3 74. Kb3 Bb2 75. Rg2 Bc1 76. Rg1 Be3 77.
Rxg4+ 1/2-1/2

[Event "16th EWICC 2015"]
[Site "Kutaisi"]
[Date "2015.06.02"]
[Round "8"]
[White "Batsiashvili, Nino"]
[Black "Javakhishvili, Lela"]
[Result "1/2-1/2"]
[ECO "E32"]
[WhiteElo "2473"]
[BlackElo "2472"]
[Annotator "Robot 11"]
[PlyCount "37"]
[EventDate "2015.??.??"]
[EventCountry "GEO"]
[TimeControl "900+10"]

1. d4 Nf6 2. c4 e6 3. Nc3 Bb4 4. Qc2 O-O 5. Nf3 c5 6. dxc5 Na6 7. g3 Nxc5 8. Bg2 Nce4 9. O-O Nxc3 10. bxc3 Be7 11. e4 d6 12. e5 dxe5 13.
Nxe5 Qc7 14. Qe2 Nd7 15. Bf4 Nxe5 16. Bxe5 Bd6 17. Rfe1 Bxe5 18.
Qxe5 Qxe5 19. Rxe5 1/2-1/2

[Event "16th EWICC 2015"]
[Site "Kutaisi"]
[Date "2015.06.02"]
[Round "8"]
[White "Charochkina, Daria"]
[Black "Charkhalashvili, Inga"]
[Result "0-1"]
[ECO "A18"]
[WhiteElo "2391"]
[BlackElo "2318"]
[Annotator "Robot 11"]
[PlyCount "124"]
[EventDate "2015.??.??"]
[EventCountry "GEO"]
[TimeControl "900+10"]

1. c4 Nf6 2. Nc3 e6 3. e4 d6 4. d4 Nbd7 5. g3 e5 6. Bg2 c6 7. Nge2 exd4 8.
Nxd4 Ne5 9. b3 Qa5 10. Qc2 c5 11. Nf5 g6 12. Ne3 Bg7 13. O-O O-O 14. Bb2 a6 15. Ncd5 Nxd5 16. Nxd5 Nc6 17. Nf6+ Kh8 18. Bc3 Nd4 19. Bxd4 cxd4 20. Nd5 Be6 21. b4 Qd8 22. Qd3 Rc8 23. Rac1 Bxd5 24. exd5 a5 25. a3 axb4 26. axb4 b6 27. Bf3 Qc7 28. h4 h5 29. Bd1 Ra8 30.
Re1 Qd7 31. Kg2 Rfc8 32. Bc2 Bf6 33. Re4 Kg8 34. Qf3 Kg7 35. Bb1 Ra4 36. g4 hxg4 37. Rxg4 Rh8 38. Rh1 Ra3 39. Qe4 Kf8 40. Rf4 Be5 41. Rf3 Rxf3 42. Qxf3 Qe7 43. Qg4 Rh5 44. Rh3 Bf6 45. Bc2 Kg7 46. Qf4 Bxh4 47. Qxd4+ Bf6 48. Qxb6 Rxh3 49. Kxh3 Qe2 50. Ba4 Qf1+ 51. Kg3 Be5+ 52. Kf3 Qxc4 53. Qb7 Qf4+ 54. Ke2 Bd4 55. Kd3 Bxf2 56. Bc6 Qd4+ 57. Kc2 Be1 58. Kb3 Qd1+ 59. Ka3 Bd2 60. b5 Qc1+ 61. Kb3 Qc3+ 62. Ka2 Bc1 0-1

[Event "16th EWICC 2015"]
[Site "Kutaisi"]
[Date "2015.06.02"]
[Round "8"]
[White "Daulyte, Deimante"]
[Black "Mammadova, Gulnar"]
[Result "1-0"]
[ECO "B06"]
[WhiteElo "2402"]
[BlackElo "2293"]
[Annotator "Robot 11"]
[PlyCount "101"]
[EventDate "2015.??.??"]
[EventCountry "GEO"]
[TimeControl "900+10"]

1. e4 g6 2. d4 Bg7 3. Nc3 c6 4. h3 d5 5. e5 f6 6. f4 Nh6 7. Be3 Nf5 8. Bf2 fxe5 9. dxe5 e6 10. Nf3 O-O 11. Qd2 b6 12. g4 Ne7 13. h4 Ba6 14. Bxa6 Nxa6 15. h5 Nc5 16. Bh4 gxh5 17. Bxe7 Qxe7 18. Rxh5 Qf7 19. Ne2 Ne4 20. Qd3 Qg6 21. Rh4 c5 22. f5 exf5 23. Qxd5+ Kh8 24. gxf5 Qxf5 25. Rf4 Qg6 26. Nh4 Qh5 27. Qxe4 Bh6 28. Rf5 Bg5 29. Nf3 Rxf5 30. Qxa8+ Kg7 31. Nxg5 Qh4+ 32. Kd2 Qxg5+ 33. Kd3 Qg6 34. Kc3 Rxe5 35. Rg1 Rg5 36. Qxa7+ Kh6 37. Rxg5 Qf6+ 38. Kb3 Kxg5 39. Nc3 Qe6+ 40. Ka3 h5 41. Qg7+ Kf4 42. Qg2 h4 43. Nd5+ Ke5 44. c4 Qh6 45. Qe2+ Kd4 46. Nc3 Qe3 47. Qg4+ Kd3 48. Qxh4 b5 49. cxb5 c4 50. Qe4+ Qxe4 51. Nxe4 1-0

[Event "16th EWICC 2015"]
[Site "Kutaisi"]
[Date "2015.06.02"]
[Round "8"]
[White "Donghvani, Nia"]
[Black "Choladze, Tea"]
[Result "0-1"]
[ECO "B35"]
[WhiteElo "1444"]
[BlackElo "1755"]
[Annotator "Robot 11"]
[PlyCount "52"]
[EventDate "2015.??.??"]
[EventCountry "GEO"]
[TimeControl "900+10"]

1. e4 c5 2. Nf3 g6 3. d4 cxd4 4. Nxd4 Bg7 5. Nc3 Nc6 6. Be3 Nf6 7. Bc4 O-O 8. Bb3 d6 9. f3 Bd7 10. Qd2 a5 11. O-O-O Ne5 12. h4 a4 13.
Bd5 e6 14. Bxb7 Nc4 15. Qe2 Nxb2 16. Bxa8 Nxd1 17. Rxd1 Qxa8 18.
g4 Qa5 19. Ncb5 e5 20. Nxd6 exd4 21. Bxd4 Be6 22. g5 Nh5 23. Bxg7 Nxg7 24. f4 Bxa2 25. f5 Qe5 26. fxg6 fxg6 0-1

[Event "16th EWICC 2015"]
[Site "Kutaisi"]
[Date "2015.06.02"]
[Round "8"]
[White "Dordzhieva, Dinara"]
[Black "Guramishvili, Sopiko"]
[Result "0-1"]
[ECO "A05"]
[WhiteElo "2242"]
[BlackElo "2370"]
[Annotator "Robot 11"]
[PlyCount "106"]
[EventDate "2015.??.??"]
[EventCountry "GEO"]
[TimeControl "900+10"]

1. Nf3 Nf6 2. c4 g6 3. d4 Bg7 4. g3 b6 5. Bg2 Bb7 6. O-O O-O 7. Nc3 Ne4 8.
Nxe4 Bxe4 9. Bf4 c5 10. e3 d6 11. Qd2 Nd7 12. d5 b5 13. cxb5 Nf6 14. Ne1 Bxg2 15. Kxg2 Qd7 16. Qd3 Rfc8 17. Rc1 Rab8 18. a4 a6 19. bxa6 Rxb2 20. Rc2 Rb4 21. Nf3 Qxa4 22. Rfc1 Ra8 23. Rc4 Qxa6 24. e4 Nd7 25. Ne1 Rb2 26. R1c2 Rxc2 27. Rxc2 Qa1 28. Qd2 Ra4 29. Qe2 Nf6 30. f3 Nh5 31. Bd2 Bd4 32. Qb5 Ra8 33. Qc4 Nf6 34. Qb5 h5 35.
h4 Kg7 36. Qc4 Nd7 37. f4 Nf6 38. Qe2 Qb1 39. Bc1 Ng4 40. Nf3 Ba1 41. e5 Qb3 42. Qe4 Ra4 43. Qe2 Qxd5 44. Rd2 Qc6 45. exd6 exd6 46. Kh3 Nf6 47. Rd1 Qa6 48. Qe1 Qc8+ 49. Kg2 Ra2+ 50. Rd2 Bc3 51. Kg1 Bxd2 52. Bxd2 Qa8 53. Ng5 Ra1 0-1

[Event "16th EWICC 2015"]
[Site "Kutaisi"]
[Date "2015.06.02"]
[Round "8"]
[White "Esadze, Tamar"]
[Black "Khmiadashvili, Tamar"]
[Result "0-1"]
[ECO "B12"]
[WhiteElo "1697"]
[BlackElo "2043"]
[Annotator "Robot 11"]
[PlyCount "90"]
[EventDate "2015.??.??"]
[EventCountry "GEO"]
[TimeControl "900+10"]

1. e4 c6 2. d4 g6 3. Nc3 Bg7 4. Nf3 d5 5. Be3 Nf6 6. exd5 cxd5 7. Ne5 O-O 8.
Be2 Nc6 9. O-O Ne8 10. Bb5 Bd7 11. f4 Nc7 12. Be2 f5 13. Bf3 e6 14. Qd2 Be8 15. Rad1 a6 16. a3 b5 17. Na2 a5 18. b3 Qd6 19. Qc1 Rc8 20.
Qb2 b4 21. a4 Nd8 22. Nc1 Nb7 23. Ncd3 Qe7 24. Rc1 Nd6 25. Nc5 Ne4 26. Bxe4 dxe4 27. c4 bxc3 28. Qxc3 Nd5 29. Qd2 g5 30. g3 Bxe5 31. fxe5 h6 32. Kh1 Bh5 33. Bf2 Bf3+ 34. Kg1 f4 35. Qxa5 e3 36. Be1 Be2 37. Bb4 Nxb4 38. Qxb4 Bxf1 39. Rxf1 f3 40. Qc3 f2+ 41. Kg2 Qb7+ 42. Kh3 Qf3 43. Qc4 g4+ 44. Kh4 Qf5 45. Qe2 Qg5# 0-1

[Event "16th EWICC 2015"]
[Site "Kutaisi"]
[Date "2015.06.02"]
[Round "8"]
[White "Galliamova, Alisa"]
[Black "Lomineishvili, Maia"]
[Result "1-0"]
[ECO "D08"]
[WhiteElo "2478"]
[BlackElo "2364"]
[Annotator "Robot 11"]
[PlyCount "127"]
[EventDate "2015.??.??"]
[EventCountry "GEO"]
[TimeControl "900+10"]

1. d4 d5 2. c4 e5 3. dxe5 d4 4. Nf3 Nc6 5. e3 Bb4+ 6. Bd2 dxe3 7. fxe3 Bg4 8. Bxb4 Qxd1+ 9. Kxd1 Nxb4 10. h3 O-O-O+ 11. Nbd2 Bh5 12. g4 Bg6 13. Nd4 Ne7 14. Bg2 c5 15. Nb5 Nc2 16. Ke2 Nxa1 17. Rxa1 Nc6 18. Bxc6 bxc6 19. Nd6+ Kc7 20. Nb3 f6 21. Nxc5 fxe5 22. Nf5 Bf7 23.
b3 Kb6 24. Na4+ Ka5 25. Nc5 Kb4 26. Nd3+ Ka3 27. Nxe5 Bg6 28.
Nd4 c5 29. Ndc6 Rde8 30. Rd1 Be4 31. Rd7 a5 32. Ra7 Ra8 33. Rxa5+
Rxa5 34. Nxa5 Re8 35. Nd3 Bxd3+ 36. Kxd3 Kxa2 37. Nb7 Re5 38. h4 Kxb3 39. e4 Kb4 40. Nd8 Re8 41. Nc6+ Kb3 42. Na5+ Ka4 43. Nb7 Kb4 44. Nd6 Re6 45. Nf5 g6 46. Ne3 Kb3 47. g5 Re8 48. Nd5 Rf8 49. e5 Re8 50. Ke4 Kxc4 51. Nf6 Re7 52.
Nd5 Re8 53. Nf6 Rd8 54. e6 Rd1 55. Ke5 Re1+ 56. Kd6 Kb5 57. e7 c4 58. Nd5 Ka4 59. Kd7 c3 60. Nxc3+ Kb4 61. Nd5+ Kc5 62. Nf6 Rd1+ 63. Ke6 Re1+ 64. Kf7 1-0

[Event "16th EWICC 2015"]
[Site "Kutaisi"]
[Date "2015.06.02"]
[Round "8"]
[White "Gunina, Valentina"]
[Black "Stefanova, Antoaneta"]
[Result "0-1"]
[ECO "D10"]
[WhiteElo "2535"]
[BlackElo "2512"]
[Annotator "Robot 11"]
[PlyCount "195"]
[EventDate "2015.??.??"]
[EventCountry "GEO"]
[TimeControl "900+10"]

1. d4 d5 2. c4 c6 3. Nc3 Nf6 4. e3 e6 5. Qc2 a6 6. Nf3 c5 7. dxc5 Bxc5 8.
a3 O-O 9. b4 Be7 10. Bb2 dxc4 11. Bxc4 b5 12. Bd3 Bb7 13. Ng5 h6 14. Nge4 Nbd7 15. O-O Ne5 16. Nxf6+ Bxf6 17. Be4 Nc6 18. Bf3 Rc8 19. Qb3 Qc7 20. Rac1 Qb8 21. Ne2 Ne5 22. Bxb7 Qxb7 23. Nf4 Nd7 24. Nh5 Bxb2 25. Qxb2 e5 26. Rcd1 Qc7 27. f4 Nb6 28. Qf2 exf4 29. exf4 Nc4 30. f5 Rfd8 31. Kh1 Rxd1 32. Rxd1 Qe5 33. h3 Re8 34. Qf3 Qe2 35. Qxe2 Rxe2 36. Rd8+ Kh7 37. Rd7 Kg8 38. f6 gxf6 39. Nxf6+ Kg7 40. Nh5+ Kf8 41. Ra7 Re6 42. Ra8+ Ke7 43. Ng7 Rf6 44. g4 Nxa3 45. Ra7+ Kf8 46. Nf5 Kg8 47. Rc7 Nc4 48. Kg2 Ne5 49. Kg3 Nd3 50. Ne7+ Kg7 51. Nd5 Rd6 52. Ne7 Re6 53. Nf5+ Kg6 54. Rc8 Kh7 55. Rc7 Rf6 56. h4 Nxb4 57. h5 Nd3 58. Kf3 b4 59.
Ke4 Nf2+ 60. Kf3 Nh3 61. Rb7 a5 62. Ke3 Ng5 63. Kd3 Re6 64. Ne3 Rd6+ 65. Kc4 Re6 66. Kd3 Re5 67. Nf5 Rc5 68. Kd4 Rc6 69. Kd5 Rf6 70. Kc4 Re6 71. Kb5 Re5+ 72. Ka4 Re4 73. Kxa5 Rxg4 74. Rb6 Ne6 75. Rb7 Nd8 76. Rb6 Ne6 77. Ka4 Rg5 78. Nd6 b3 79. Kxb3 Kg7 80. Kc4 Rxh5 81.
Rb7 Ng5 82. Nf5+ Kf6 83. Nd6 Rh4+ 84. Kd5 Kg6 85. Rb6 f6 86. Rb8 Rf4 87. Rg8+ Kh7 88. Ra8 h5 89. Ra7+ Kg6 90. Nc4 h4 91. Ne3 h3 92. Ra2 Kh5 93. Kd6 Kh4 94. Nd5 Rf3 95. Ke7 f5 96. Kf6 Ne4+ 97. Ke5 Nf2 98.
Nf6 0-1

[Event "16th EWICC 2015"]
[Site "Kutaisi"]
[Date "2015.06.02"]
[Round "8"]
[White "Gvetadze, Sofio"]
[Black "Gaponenko, Inna"]
[Result "1/2-1/2"]
[ECO "A05"]
[WhiteElo "2319"]
[BlackElo "2391"]
[Annotator "Robot 11"]
[PlyCount "39"]
[EventDate "2015.??.??"]
[EventCountry "GEO"]
[TimeControl "900+10"]

1. Nf3 Nf6 2. g3 g6 3. Bg2 c5 4. O-O Bg7 5. d3 d5 6. Nbd2 Nc6 7. e4 e6 8. c3 O-O 9. e5 Nd7 10. d4 f6 11. exf6 Bxf6 12. Nb3 c4 13. Nbd2 e5 14. dxe5 Ndxe5 15. Nxe5 Nxe5 16. Nf3 Bg4 17. h3 Bxf3 18. Bxf3 Nxf3+ 19. Qxf3 Bg7 20. Qg4 1/2-1/2

[Event "16th EWICC 2015"]
[Site "Kutaisi"]
[Date "2015.06.02"]
[Round "8"]
[White "Jalaghonia, Nino"]
[Black "Giorgadze, Elene"]
[Result "1-0"]
[ECO "A36"]
[WhiteElo "1865"]
[BlackElo "1185"]
[Annotator "Robot 11"]
[PlyCount "71"]
[EventDate "2015.??.??"]
[EventCountry "GEO"]
[TimeControl "900+10"]

1. c4 c5 2. Nc3 Nc6 3. g3 Nf6 4. Bg2 d6 5. d3 Bd7 6. e4 Qc7 7. Nge2 g6 8. h3 Bg7 9. Be3 O-O 10. O-O e6 11. Rb1 Ne7 12. Qd2 Bh8 13. f4 Nc6 14. g4 e5 15. g5 Ne8 16. f5 f6 17. Ng3 Nd4 18. Nd5 Qd8 19. gxf6 Nxf6 20. fxg6 hxg6 21. Bxd4 cxd4 22. Qg5 Be8 23. Qh4 Nxd5 24. Rxf8+ Kxf8 25.
Qxh8+ Ke7 26. exd5 Qa5 27. Ne4 Qxa2 28. Qf6+ Kd7 29. Qxd6+ Kc8 30. Rf1 b6 31. Qxe5 Qxb2 32. Qxe8+ Kb7 33. Qc6+ Ka6 34. Qa4+ Kb7 35. Rf7+ Kb8 36. Qe8# 1-0